 Dungeon Crawl Stone Soup version 0.29-a0-214-g17f627cfee (webtiles) character file.

Game seed: 507655297637480678

128751 mcwallace the Convoker (level 17, -6/112 HPs)
             Began as a Tengu Summoner on Feb 24, 2022.
             Was a High Priest of Cheibriados.
             Constricted to death by a shambling mangrove (8 damage)
             ... on level 2 of the Swamp on Feb 25, 2022.
             The game lasted 02:12:33 (33062 turns).

mcwallace the Convoker (Tengu Summoner)            Turns: 33062, Time: 02:12:34

Health: -6/112     AC: 20    Str: 24    XL:     17   Next: 4%
Magic:  19/30      EV: 27    Int: 40    God:    Cheibriados [*****.]
Gold:   1288       SH:  0    Dex: 31    Spells: 5/32 levels left

rFire   . . .      SeeInvis .   m - +8 hunting sling of the Eternal Void {venom, rElec rCorr, sling}
rCold   . . .      Faith    .   V - orb {light}
rNeg    . . .      Spirit   .   z - +3 leather armour {rPois}
rPois   +          Reflect  .   I - +2 hat
rElec   +          Harm     .   K - +2 cloak
rCorr   +          Rampage  .   L - +2 pair of gloves
Will    +....                   (boots unavailable)
Stlth   +.........              i - amulet of the acrobat
HPRegen 0.28/turn               h - +6 ring of intelligence
MPRegen 0.22/turn               A - +4 ring of protection

@: grasped by roots, acrobatic, flying quickly and evasively, glowing,
constricted, very slow
A: beak, talons 3, nimble flight
a: Renounce Religion, Bend Time, Temporal Distortion, Slouch, Step From Time


You were on level 2 of the Swamp.
You worshipped Cheibriados.
Cheibriados was extremely pleased with you.
You visited 6 branches of the dungeon, and saw 28 of its levels.
You also visited: Bailey.

You collected 3229 gold pieces.
You spent 1941 gold pieces at shops.


Innate Abilities, Weirdness & Mutations

You have a beak for a mouth.
You have claws for feet.
Your magical nature lets you fly swiftly and evasively.


   Skills:
 - Level 14.5 Fighting
 - Level 7.0 Slings
 - Level 10.0 Armour
 - Level 11.6 Dodging
 - Level 2.0 Stealth
 - Level 8.0 Spellcasting
 + Level 19.0 Summonings
 - Level 10.0 Air Magic
 - Level 9.2 Invocations
 - Level 4.0 Evocations


You had 5 spell levels left.
You knew the following spells:

 Your Spells              Type           Power      Damage    Failure   Level
a - Summon Small Mammal   Summ           100%       N/A       0%          1
b - Call Canine Familiar  Summ           100%       N/A       0%          3
c - Summon Guardian Gole  Hex/Summ       75%        N/A       1%          3
d - Summon Lightning Spi  Summ/Air       93%        N/A       1%          4
e - Summon Hydra          Summ           53%        N/A       1%          7
f - Dragon's Call         Summ           53%        N/A       67%         9

Your spell library contained the following spells:

 Spells                   Type           Power      Damage    Failure   Level
 Call Imp                 Summ           100%       N/A       0%          2
 Shock                    Conj/Air       100%       1d9       1%          1
 Swiftness                Air            77%        N/A       1%          3
 Airstrike                Air            38%        N/A       1%          4
 Sandblast                Erth           32%        2d9       2%          1
 Ensorcelled Hibernation  Hex/Ice        32%        N/A       3%          2
 Passwall                 Tmut/Erth      13%        N/A       3%          2
 Sublimation of Blood     Necr           16%        N/A       3%          2
 Wereblood                Tmut           16%        N/A       3%          2
 Gell's Gravitas          Tloc           16%        N/A       7%          3
 Lesser Beckoning         Tloc           16%        N/A       7%          3
 Stone Arrow              Conj/Erth      32%        3d9       7%          3
 Teleport Other           Tloc           16%        N/A       7%          3
 Tukima's Dance           Hex            16%        N/A       7%          3
 Silence                  Hex/Air        27%        N/A       9%          5
 Anguish                  Hex/Necr       8%         N/A       24%         4
 Animate Dead             Necr           8%         N/A       24%         4
 Cause Fear               Hex            8%         N/A       24%         4
 Hailstorm                Conj/Ice       16%        3d6       24%         4
 Ice Form                 Ice/Tmut       16%        N/A       24%         4
 Passage of Golubria      Tloc           16%        N/A       24%         4
 Petrify                  Tmut/Erth      16%        N/A       24%         4
 Borgnjor's Vile Clutch   Necr/Erth      8%         N/A       54%         5
 Irradiate                Conj/Tmut      8%         3d16      54%         5
 Death Channel            Necr           8%         N/A       98%         6
 Simulacrum               Ice/Necr       8%         N/A       98%         6
 Dragon Form              Tmut           8%         N/A       100%        7
 Enfeeble                 Hex            8%         N/A       100%        7
 Lehudib's Crystal Spear  Conj/Erth      8%         10d3      100%        8

Inventory:

Hand Weapons
 m - the +8 hunting sling of the Eternal Void (weapon) {venom, rElec rCorr, sling}
   (You took it off a spriggan in a bailey)

   Any ammunition fired from it poisons the flesh of those it strikes.
   rElec:     It insulates you from electricity.
   rCorr:     It protects you from acid and corrosion.
 n - a +11 long sword {long}
   (You subdued it on level 13 of the Dungeon)
 q - a +2 eveningstar of draining {macerare=g}
   (You took it off Louise on level 1 of the Snake Pit)
Missiles
 a - 6 curare-tipped darts {=fthrowing}
 s - 8 javelins {throwing}
 w - 6 silver javelins {throwing}
 C - 3 throwing nets {=f!fthrowing}
Armour
 x - the +2 ring mail of the Bard {rElec Regen+}
   (You found it on level 10 of the Dungeon)

   rElec:     It insulates you from electricity.
   Regen:     It increases your rate of health regeneration.
 z - a +3 leather armour of poison resistance (worn)
   (You took it off Frances on level 13 of the Dungeon)
 G - the +8 chain mail of Resourcefulness {Regen+ Str+2 Int+5 Dex-3}
   (You bought it in a shop on level 2 of the Orcish Mines)

   Str:       It affects your strength (+2).
   Int:       It affects your intelligence (+5).
   Dex:       It affects your dexterity (-3).
   Regen:     It increases your rate of health regeneration.
 I - a +2 hat (worn)
   (You took it off Gastronok on level 10 of the Dungeon)
 K - a +2 cloak (worn)
   (You found it on level 5 of the Dungeon)
 L - a +2 pair of gloves (worn)
   (You found it on level 8 of the Dungeon)
 U - a +2 robe of fire resistance
   (You found it on level 6 of the Dungeon)
 V - an orb of light (worn)
   (You found it on level 2 of the Dungeon)
Jewellery
 h - a +6 ring of intelligence (left hand)
   (You found it on level 1 of the Dungeon)
 i - an amulet of the acrobat (around neck)
   (You found it on level 7 of the Dungeon)
 A - a +4 ring of protection (right hand)
   (You found it on level 4 of the Dungeon)
 S - a ring of willpower
   (You took it off an orc on level 6 of the Dungeon)
 Z - a +6 ring of intelligence
   (You found it on level 8 of the Dungeon)
Wands
 e - a wand of iceblast (37)
   (You found it on level 7 of the Dungeon)
 r - a wand of paralysis (19)
   (You took it off Maurice on level 8 of the Dungeon)
 u - a wand of acid (24)
   (You found it on level 3 of the Dungeon)
 O - a wand of polymorph (4)
   (You found it on level 5 of the Dungeon)
 P - a wand of mindburst (20)
   (You found it on level 6 of the Dungeon)
 Q - a wand of digging (11)
   (You found it on level 1 of the Lair of Beasts)
 R - a wand of charming (8)
   (You found it on level 2 of the Lair of Beasts)
Scrolls
 d - 3 scrolls of fog
 j - a scroll of magic mapping {!r}
 o - 5 scrolls of fear
 t - a scroll of holy word
 v - 4 scrolls of immolation {!r!r}
 y - 4 scrolls of amnesia
 H - a scroll of brand weapon {unknown}
 J - 4 scrolls of enchant weapon
 M - a scroll of blinking {!r}
 N - 7 scrolls of teleportation {@r4}
 T - a scroll of silence {!r}
 Y - a scroll of torment {unknown}
Potions
 c - 2 potions of lignification {!q}
 g - a potion of invisibility
 k - 2 potions of magic
 p - a potion of cancellation
 D - 3 potions of curing {@q1}
 E - 4 potions of brilliance
 F - 4 potions of mutation {!q}
 W - 2 potions of ambrosia
 X - 4 potions of might
Miscellaneous
 b - a tin of tremorstones (inert) {throwing}
   (You found it on level 14 of the Dungeon)
 f - a box of beasts
   (You found it on level 6 of the Lair of Beasts)
 l - a condenser vane
   (You found it on level 15 of the Dungeon)
 B - a phial of floods
   (You found it on level 14 of the Dungeon)

Dungeon Overview and Level Annotations

Branches:
Dungeon (15/15)            Temple (1/1) D:5            Lair (6/6) D:9
  Swamp (2/4) Lair:4        Snake (2/4) Lair:3        Slime (0/5) Lair:5
    Orc (2/2) D:10            Elf (0/3) Orc:2        Vaults (0/5) D:13
 Depths (0/4) D:15         Bailey (visited)

Altars:
Ashenzari
Cheibriados
Dithmenos
Elyvilon
Fedhas
Gozag
Hepliaklqana
Kikubaaqudgha
Makhleb
Nemelex Xobeh
Okawaru
Qazlal
Ru
Sif Muna
Trog
Uskayaw
Vehumet
Wu Jian
Xom
Yredelemnul
Zin
The Shining One
Jiyva

Shops:
D:4 *   D:5 [   D:9 !(*(   D:12 (   Orc:2 (?:[?

Portals:
Trove: D:11 (give +3 storm dragon scales)

Annotations:
D:10 1 runed translucent door
Lair:4 2 transporters, Pooter's ghost, journeyman MiBe
Lair:6 3 runed translucent doors, Zeldest's ghost, journeyman DDFi
Snake:2 Mlioglotl

♣ ≈≈.≈≈≈..≈≈≈≈≈
♣♣....≈≈≈≈≈≈≈≈≈≈
♣♣..♣.≈≈≈≈..≈≈...
♣.≈≈.≈ .≈≈≈≈≈.≈..
♣≈≈≈≈.♣ $..≈...≈≈
≈≈§≈≈.≈♣♣..≈○○...
♣..f≈.≈..♣≈.....
♣♣≈.≈≈y≈♣.≈≈.$.
♣.≈≈≈@≈†.≈≈≈≈≈
♣≈≈≈≈♣≈.....)≈
♣♣.≈♣♣♣...♣♣♣.
.≈≈. .≈.♣ ♣≈≈§≈.
≈≈≈♣ ♣.≈≈≈≈ ≈≈≈♣
♣....≈♣ ≈≈≈♣
≈.≈♣♣♣ ≈.♣≈ ...≈≈


You could see a shambling mangrove and a vampire mosquito.


Message History

You shoot a sling bullet. The sling bullet hits the tyrant leech.
You kill the tyrant leech!
Cheibriados appreciates the change of pace.
Your lightning spire disappears in a puff of smoke!
There is a stone staircase leading up here. 😎 HP[+1]
Your hp is fully restored (112). 😎 MP[+1]
Your mp is fully restored (30).
A swamp dragon comes into view.
The swamp dragon roars deafeningly!
You hear a roar! x2
The swamp dragon breathes poison at you.
A shambling mangrove comes into view.
You hear a shout!
Casting: Summon Lightning Spire (safe; 1% risk of failure)
Confirm with . or Enter, or press ? or * to list all spells.
An electric hum fills the air.
You hear a roar!
A fenstrider witch comes into view. 😎 MP[-4]
You lost 4 mp, and now have 26/30 mp.
Your lightning spire shoots out a bolt of lightning at the swamp dragon!
The bolt of electricity hits the swamp dragon!!
The bolt of electricity hits the fenstrider witch.
Fire: m) +8 hunting sling of the Eternal Void {venom, rElec rCorr, sling}
Press: ? - help, Q - select action, (/) - cycle Shift-Dir - straight line, f - swamp dragon
Aim: a swamp dragon (moderately wounded, ally target, 83% to hit)
You shoot a sling bullet. The sling bullet hits the swamp dragon.
Your lightning spire shoots out a bolt of lightning at the swamp dragon!
The bolt of electricity hits the swamp dragon!
The bolt of electricity hits the fenstrider witch!! 😎 MP[+1] Fire: m) +8 hunting sling of the Eternal Void {venom, rElec rCorr, sling}
Press: ? - help, Q - select action, (/) - cycle Shift-Dir - straight line, f/p - swamp dragon
Aim: a swamp dragon (heavily wounded, ally target, 83% to hit)
You shoot a sling bullet.
The sling bullet hits the swamp dragon but does no damage.
Your lightning spire shoots out a bolt of lightning at the swamp dragon!
The bolt of electricity hits the swamp dragon!!
Fire: m) +8 hunting sling of the Eternal Void {venom, rElec rCorr, sling}
Press: ? - help, Q - select action, (/) - cycle Shift-Dir - straight line, f/p - swamp dragon
Aim: a swamp dragon (almost dead, ally target, 83% to hit)
You shoot a sling bullet.
The sling bullet barely misses the swamp dragon.
The fenstrider witch casts a spell at you.
You suddenly lose the ability to move!
The swamp dragon breathes poison at your lightning spire.
The blast of poison engulfs your lightning spire.
Your lightning spire completely resists.
Roots burst forth from the earth!
The grasping roots grab you! The grasping roots constrict you.
You hear a roar!
You hear an angry buzzing noise.
The grasping roots constrict you.
The fenstrider witch gestures at you while chanting.
Your body is wracked with pain!
* * * LOW HITPOINT WARNING * * *
The roots lose their grip on you.
You can move again. 😨 HP[-56] MP[+1]
You take 56 damage, and now have 56/112 hp.
MASSIVE DAMAGE!! (PAUSE)
The fenstrider witch gestures at you while chanting.
The toxic sludge misses you.
A vampire mosquito comes into view. 😮 HP[+1] Fire: m) +8 hunting sling of the Eternal Void {venom, rElec rCorr, sling}
Press: ? - help, Q - select action, (/) - cycle Shift-Dir - straight line, f/p - swamp dragon
Aim: a swamp dragon (almost dead, ally target, haloed, 93% to hit)
You shoot a sling bullet. The sling bullet hits the swamp dragon!
The swamp dragon looks as sick as possible!
You kill the swamp dragon!
Cheibriados thoroughly appreciates the change of pace.
The fenstrider witch points at you and mumbles some strange words.
Your body is wracked with pain!
* * * LOW HITPOINT WARNING * * *
The fenstrider witch completely misses you. x2 😨 HP[-27]
You take 27 damage, and now have 30/112 hp.
MASSIVE DAMAGE!! (PAUSE)
You fail to use your ability.
The fenstrider witch points at you and mumbles some strange words.
Your body is wracked with pain!
* * * LOW HITPOINT WARNING * * *
A vampire mosquito comes into view. 😱 HP[-14]
You take 14 damage, and now have 16/112 hp.
You step out of the flow of time.
You return to the normal time flow.
Cheibriados lowers the support of your attributes as your movement quickens.
A vampire mosquito comes into view.
The vampire mosquito buzzes angrily.
You hear an angry buzzing noise. 😱 MP[-9]
You lost 9 mp, and now have 19/30 mp.
The vampire mosquito completely misses you. x2
Roots burst forth from the earth!
The grasping roots grab you! The grasping roots constrict you!
* * * LOW HITPOINT WARNING * * *
The vampire mosquito barely misses you. The grasping roots constrict you!
You die...

Skill      XL: |  1  2  3  4  5  6  7  8  9 10 11 12 13 14 15 16 17 |
---------------+----------------------------------------------------+-----
Summonings     | 5 6 7 8 9 10 13 15 17 18 19 | 19.0
Fighting       | 1 2 3 4 5 6 7 8 11 13 14 | 14.5
Dodging        | 3 4 5 6 7 8 10 11 | 11.6
Spellcasting   | 3 4 5 7 8 |  8.0
Invocations    | 3 4 6 7 8 9 |  9.2
Air Magic      | 2 5 8 9 10 | 10.0
Evocations     | 4 |  4.0
Armour         | 3 7 10 | 10.0
Slings         | 3 7 |  7.0
Stealth        | |  2.0

Action                   |  1- 3 |  4- 6 |  7- 9 | 10-12 | 13-15 | 16-18 || total
-------------------------+-------+-------+-------+-------+-------+-------++-------
Melee: Unarmed           |    12 |       |       |       |       |       ||    12
       Kick              |     8 |    10 |    26 |     8 |       |       ||    52
       Whip              |    18 |       |       |       |       |       ||    18
       Peck              |     2 |    12 |    18 |     9 |       |       ||    41
       Short sword       |     9 |       |       |       |       |       ||     9
       Quarterstaff      |     8 |    57 |    51 |       |       |       ||   116
       Spear             |       |       |    34 |    58 |       |       ||    92
       Mace              |       |       |     6 |       |       |       ||     6
       Punch             |       |       |       |     1 |       |       ||     1
       Hunting sling     |       |       |       |     2 |       |       ||     2
 Fire: Hunting sling     |       |       |       |   211 |   592 |   236 ||  1039
Throw: Dart              |       |       |     6 |       |       |       ||     6
 Cast: Summon Small Mamm |    38 |    15 |       |       |       |       ||    53
       Call Canine Famil |     2 |    25 |    31 |    46 |     6 |       ||   110
       Summon Guardian G |       |       |     2 |     3 |       |       ||     5
       Summon Lightning  |       |       |       |    33 |   133 |    58 ||   224
       Summon Hydra      |       |       |       |       |    26 |    14 ||    40
Invok: Slouch            |       |       |       |       |     3 |     5 ||     8
       Step From Time    |       |       |       |       |     1 |     1 ||     2
       Bend Time         |       |       |       |       |     1 |       ||     1
Evoke: Wand              |       |       |       |     5 |       |       ||     5
       Box of beasts     |       |       |       |       |     1 |       ||     1
       Tin of tremorston |       |       |       |       |       |     2 ||     2
       Condenser vane    |       |       |       |       |       |     1 ||     1
  Use: Scroll            |       |       |       |    13 |    13 |     5 ||    31
       Potion            |       |       |       |     5 |     2 |       ||     7
 Stab: Sleeping          |     2 |     2 |       |       |       |       ||     4
       Distracted        |       |     1 |     2 |     4 |       |       ||     7
Armor: Robe              |    21 |     7 |    34 |    47 |    34 |       ||   143
       Skin              |       |       |       |     1 |       |       ||     1
       Ring mail         |       |       |       |       |    34 |       ||    34
       Chain mail        |       |       |       |       |   141 |    34 ||   175
       Leather armour    |       |       |       |       |       |    24 ||    24
Dodge: Dodged            |    41 |    41 |    91 |   372 |   770 |   257 ||  1572

Levels and vault maps discovered:
D:1:      wander_arrival_fairy_ring, layout_rooms,
          hellmonk_ecumenical_altar_crossroads
D:2:      layout_basic, uniq_robin
D:3:      layout_basic, hangedman_decor_push
D:4:      layout_loops_ring, serial_shops, shop_statue, fountainhead,
          corner_web_ring, fountainhead
D:5:      layout_basic, lemuel_mausoleum_altar_kikubaaqudgha,
          minmay_temple_entry_enclosed_plants, serial_undead, serial_undead_a,
          serial_undead_d, serial_undead_c, serial_undead_b, serial_undead_e,
          serial_shops, shop
D:6:      layout_rooms, hangedman_abyss_or_decor_stagger, uniq_maggie
D:7:      layout_loops_ring, evilmike_ruin_ashenzari, minivault_10,
          minmay_fractal_squares_gapless_5
D:8:      layout_loops_corners, overflow_temple_1_default, enter_bailey_3,
          uniq_maurice
D:9:      layout_long_grid, lair_entry_dummy, serial_shops, shop_statue, shop,
          shop, nicolae_shop_overgrown_old_shop, st_stairs_10,
          minmay_quadrilaterals
D:10:     cheibrodos_shockbox, layout_long_grid,
          mainiacjoe_overflow_six_doors_small, erik_orc_4,
          gammafunk_ghost_cemetery, dk_noncrumbling_4, minivault_23,
          uniq_gastronok
D:11:     layout_loops_ring, nicolae_trove_entry_crystal, uniq_nergalle
D:12:     layout_grid_maze, serial_shops, nicolae_shop_stone, uniq_kirke
D:13:     layout_long_grid, erik_vaults_1, uniq_azrael, uniq_frances
D:14:     layout_irregular_city, chequers_serial_rivers_micro_d
D:15:     grunt_enter_depths_snipers, layout_stronghold, nicolae_wwwww,
          hangedman_abyss_or_decor_slice, minmay_misc_feat_nine_boxes
Temple:   dpeg_five_rooms_temple
Lair:1:   layout_hall_layers
Lair:2:   layout_cave_pods, serial_bayou_pond_c
Lair:3:   layout_small_grid, dummy_snake_entry, nzn_masters_of_martial_movement
Lair:4:   layout_roguey, nicolae_swamp_entry_splash_gauntlet,
          gammafunk_ghost_wrathful_warriors, serial_bayou_ford_a
Lair:5:   layout_cave_shapes, slime_altar_1, basic_altar
Lair:6:   evilmike_catoblepas_cave, layout_cellular_growth,
          gammafunk_ghost_hydra_chop, serial_bayou_shore_b
Swamp:1:  layout_falls_marsh, hangedman_swamp_ruin_hall,
          infiniplex_staircase_pool
Swamp:2:  layout_basic_swamp, evilmike_swamp_ruin_house_2, swamp_pool4
Snake:1:  layout_layer_cave, nicolae_snake_gridmaze_zigzag, uniq_louise,
          uniq_aizul
Snake:2:  layout_chambers, nicolae_snake_salamander_fort, uniq_mlioglotl
Orc:1:    layout_caves
Orc:2:    st_orc_rangers, layout_diamond_mine, serial_shops, nicolae_square_shop

Notes
Turn   | Place    | Note
-------+----------+-------------------------------------------
     0 | D:1      | mcwallace the Tengu Summoner began the quest for the Orb.
     0 | D:1      | Reached XP level 1. HP: 10/10 MP: 4/4
     0 | D:1      | magus.rc [v1.9.6]
   114 | D:1      | Reached XP level 2. HP: 6/16 MP: 3/6
   123 | D:1      | Reached skill level 5 in Summonings
   123 | D:1      | HP: 4/16 [kobold/+0 whip (3)]
   679 | D:1      | Found a faded altar of an unknown god.
   691 | D:1      | Reached skill level 1 in Fighting
   838 | D:1      | You pick up a book of Air and begin reading...
   838 | D:1      | You add the spells Shock, Swiftness and Airstrike to your
                  | library.
   925 | D:1      | Reached XP level 3. HP: 20/20 MP: 4/7
   929 | D:1      | Learned a level 3 spell: Call Canine Familiar
   988 | D:1      | You pick up a book of Displacement and begin reading...
   988 | D:1      | You add the spells Lesser Beckoning, Gell's Gravitas and
                  | Teleport Other to your library.
  1417 | D:1      | You fall into a shaft and drop 1 floor!
  1540 | D:2      | Identified the +6 quarterstaff of Histe {vorpal, rN+}
  1756 | D:2      | HP: 5/20 [poisoned by an adder]
  1759 | D:2      | HP: 2/20 [poisoned by an adder]
  2087 | D:2      | Reached XP level 4. HP: 25/25 MP: 5/8
  2148 | D:2      | Reached skill level 3 in Dodging
  2275 | D:2      | Noticed Robin
  2283 | D:2      | Killed Robin
  2835 | D:3      | Reached skill level 2 in Fighting
  2835 | D:3      | Gained mutation: Your magical nature lets you fly swiftly
                  | and evasively. [Tengu growth]
  2835 | D:3      | Reached XP level 5. HP: 27/30 MP: 5/10
  3153 | D:4      | Reached skill level 3 in Spellcasting
  3411 | D:4      | You pick up a book of Burglary and begin reading...
  3411 | D:4      | You add the spells Passwall and Ensorcelled Hibernation to
                  | your library.
  3482 | D:4      | Noticed an ogre
  3522 | D:4      | HP: 7/31 [poisoned by a gnoll]
  3526 | D:4      | HP: 3/31 [poisoned by a gnoll]
  3847 | D:4      | Reached skill level 6 in Summonings
  3847 | D:4      | Reached XP level 6. HP: 21/36 MP: 7/11
  4019 | D:4      | Reached skill level 4 in Dodging
  4113 | D:4      | Reached skill level 3 in Fighting
  4374 | D:4      | Found Caoral's Assorted Antiques.
  4607 | D:4      | Bought a glowing hat for 182 gold pieces
  4684 | D:5      | Entered Level 5 of the Dungeon
  4685 | D:5      | Noticed an ice beast
  4699 | D:5      | Killed an ice beast
  4700 | D:5      | Reached XP level 7. HP: 20/41 MP: 3/13
  4976 | D:5      | Reached skill level 4 in Spellcasting
  5088 | D:5      | Found an ancient bone altar of Kikubaaqudgha.
  5111 | D:5      | Reached skill level 7 in Summonings
  5127 | D:5      | Reached skill level 5 in Dodging
  5217 | D:5      | Reached skill level 4 in Fighting
  5225 | D:5      | Reached XP level 8. HP: 48/48 MP: 15/15
  5365 | D:5      | Identified the +4 scale mail of Undesirable Species
                  | {Rampage}
  5421 | D:5      | Learned a level 3 spell: Summon Guardian Golem
  5516 | D:5      | Reached skill level 5 in Spellcasting
  5531 | D:5      | Reached skill level 6 in Dodging
  5533 | D:5      | Reached skill level 5 in Fighting
  5578 | D:5      | Reached skill level 8 in Summonings
  5715 | D:5      | Reached XP level 9. HP: 54/54 MP: 18/18
  5723 | D:5      | Found Gickeoke's Armour Boutique.
  5767 | D:5      | Found a staircase to the Ecumenical Temple.
  5774 | Temple   | Entered the Ecumenical Temple
  6053 | Temple   | Became a worshipper of Cheibriados the Contemplative
  6500 | D:6      | Noticed a troll
  6522 | D:6      | Killed a troll
  6523 | D:6      | Reached skill level 1 in Invocations
  6796 | D:6      | Reached skill level 7 in Dodging
  6936 | D:6      | Noticed Maggie
  6956 | D:6      | Killed Maggie
  6957 | D:6      | Reached skill level 6 in Fighting
  6957 | D:6      | Reached skill level 9 in Summonings
  6957 | D:6      | Reached skill level 2 in Invocations
  7208 | D:6      | You pick up a book of Callings and begin reading...
  7399 | D:7      | Reached skill level 1 in Air Magic
  7603 | D:7      | Reached * piety under Cheibriados
  7605 | D:7      | Found a broken altar of Ashenzari.
  7772 | D:7      | Reached skill level 2 in Air Magic
  7846 | D:7      | Reached skill level 3 in Invocations
  7918 | D:7      | Reached XP level 10. HP: 57/61 MP: 15/19
  8025 | D:7      | Reached skill level 3 in Air Magic
  8388 | D:8      | Found a flagged portal.
  8396 | D:8      | Reached ** piety under Cheibriados
  8403 | Bailey   | Entered a bailey
  8415 | Bailey   | Reached skill level 8 in Dodging
  8540 | Bailey   | Reached skill level 7 in Fighting
  8654 | Bailey   | Reached skill level 4 in Air Magic
  8717 | Bailey   | Noticed a two-headed ogre
  8727 | Bailey   | Killed a two-headed ogre
  8728 | Bailey   | Reached skill level 10 in Summonings
  8728 | Bailey   | Reached skill level 4 in Invocations
  8897 | Bailey   | Identified the +8 hunting sling of the Eternal Void {venom,
                  | rElec rCorr}
  8907 | Bailey   | HP: 14/63 [poisoned by a spriggan]
  8912 | Bailey   | HP: 6/94 [poisoned by a spriggan]
  8916 | Bailey   | HP: 2/63 [poisoned by a spriggan]
  8922 | Bailey   | HP: 13/63 [poisoned by a spriggan]
  8924 | Bailey   | Reached skill level 5 in Air Magic
  9491 | D:8      | Noticed Maurice
  9495 | D:8      | Paralysed by something for 5 turns
  9503 | D:8      | Killed Maurice
  9652 | D:8      | Learned a level 4 spell: Summon Lightning Spire
  9724 | D:8      | Noticed a two-headed ogre
  9732 | D:8      | Killed a two-headed ogre
  9733 | D:8      | Reached XP level 11. HP: 68/68 MP: 16/20
  9881 | D:8      | Reached skill level 9 in Dodging
  9881 | D:8      | Reached skill level 6 in Air Magic
  9919 | D:8      | Found a sparkling altar of Nemelex Xobeh.
 10039 | D:8      | Reached skill level 5 in Invocations
 10072 | D:8      | Reached skill level 8 in Fighting
 10294 | D:9      | Reached *** piety under Cheibriados
 10295 | D:9      | Reached skill level 1 in Evocations
 10498 | D:9      | Found Zapeala's Distillery.
 10567 | D:9      | Bought a potion of heal wounds for 65 gold pieces
 10605 | D:9      | Noticed a two-headed ogre
 10611 | D:9      | Killed a two-headed ogre
 10612 | D:9      | Reached skill level 2 in Evocations
 10612 | D:9      | Noticed a two-headed ogre
 10616 | D:9      | Killed a two-headed ogre
 10617 | D:9      | Reached skill level 7 in Air Magic
 10896 | D:9      | Found Jacveloi's Antique Weapon Shoppe.
 10905 | D:9      | Noticed a cyclops
 10912 | D:9      | Killed a cyclops
 10982 | D:9      | Found Gimyd's Antique Weapon Shoppe.
 11017 | D:9      | Found Rakle's General Store.
 11039 | D:9      | Found a staircase to the Lair.
 11192 | D:9      | Noticed a two-headed ogre
 11198 | D:9      | Killed a two-headed ogre
 11199 | D:9      | Reached skill level 3 in Evocations
 11387 | D:9      | Reached **** piety under Cheibriados
 11752 | Lair:1   | Entered Level 1 of the Lair of Beasts
 11776 | Lair:1   | Reached skill level 6 in Invocations
 11790 | Lair:1   | Reached skill level 10 in Dodging
 11793 | Lair:1   | Reached skill level 8 in Air Magic
 12019 | Lair:1   | Noticed a seven-headed hydra
 12027 | Lair:1   | Killed a seven-headed hydra
 12028 | Lair:1   | Reached skill level 4 in Evocations
 12028 | Lair:1   | Reached XP level 12. HP: 54/75 MP: 14/21
 12168 | Lair:1   | Reached skill level 9 in Fighting
 12245 | Lair:1   | Reached ***** piety under Cheibriados
 12983 | Lair:1   | magus.rc [v1.9.6]
 13079 | Lair:2   | You pick up a book of Blood and begin reading...
 13079 | Lair:2   | You add the spells Sublimation of Blood, Wereblood and
                  | Summon Hydra to your library.
 13088 | Lair:2   | Learned a level 7 spell: Summon Hydra
 13215 | Lair:2   | magus.rc [v1.9.6]
 13409 | Lair:2   | Noticed a boulder beetle
 13424 | Lair:2   | Killed a boulder beetle
 13425 | Lair:2   | Reached skill level 11 in Summonings
 14089 | Lair:3   | Reached skill level 10 in Fighting
 14097 | Lair:3   | Found a staircase to the Snake Pit.
 14098 | Lair:3   | You pick up a book of Maledictions and begin reading...
 14098 | Lair:3   | You add the spells Tukima's Dance, Anguish and Enfeeble to
                  | your library.
 14129 | Lair:3   | HP: 16/74 [poisoned by a cane toad]
 14134 | Lair:3   | HP: 11/77 [poisoned by a cane toad]
 14139 | Lair:3   | HP: 6/77 [poisoned by a cane toad]
 14144 | Lair:3   | HP: 4/77 [poisoned by a cane toad]
 14711 | Lair:3   | You pick up a book of Unlife and begin reading...
 14711 | Lair:3   | You add the spells Animate Dead, Borgnjor's Vile Clutch and
                  | Death Channel to your library.
 14724 | Lair:3   | Reached skill level 12 in Summonings
 14993 | Lair:3   | Noticed a boulder beetle
 14998 | Lair:3   | Killed a boulder beetle
 15016 | Lair:3   | Found an ornate altar of the Wu Jian Council.
 15019 | Lair:3   | Found a hide-covered altar of Uskayaw.
 15511 | Lair:4   | Noticed a four-headed hydra
 15552 | Lair:4   | Reached skill level 11 in Fighting
 15612 | Lair:4   | Noticed a five-headed hydra
 15622 | Lair:4   | Killed a five-headed hydra
 15623 | Lair:4   | Reached skill level 13 in Summonings
 15623 | Lair:4   | Reached XP level 13. HP: 67/84 MP: 20/22
 15700 | Lair:4   | Found a transporter.
 15727 | Lair:4   | Found a transporter.
 15741 | Lair:4   | Noticed Pooter's ghost (journeyman MiBe)
 15744 | Lair:4   | Found a bloodstained altar of Trog.
 16138 | Lair:4   | Reached ****** piety under Cheibriados
 16454 | Lair:4   | Reached skill level 12 in Fighting
 16488 | Lair:4   | Reached skill level 14 in Summonings
 16726 | Lair:4   | Found a staircase to the Swamp.
 16860 | Lair:5   | Found a staircase to the Slime Pits.
 16860 | Lair:5   | Found a viscous altar of Jiyva.
 16951 | Lair:5   | Found a hide-covered altar of Uskayaw.
 18491 | Lair:6   | Entered Level 6 of the Lair of Beasts
 18674 | Lair:6   | Reached skill level 15 in Summonings
 18711 | Lair:6   | Reached skill level 13 in Fighting
 18825 | Lair:6   | You pick up a book of Maledictions and begin reading...
 19186 | Lair:6   | Reached skill level 7 in Invocations
 19344 | Lair:6   | Found a runed translucent gate.
 19344 | Lair:6   | Found a runed translucent gate.
 19344 | Lair:6   | Found a runed translucent gate.
 19348 | Lair:6   | Noticed Zeldest's ghost (journeyman DDFi)
 19369 | Lair:6   | Reached XP level 14. HP: 91/94 MP: 16/23
 19417 | Lair:6   | You pick up a book of the Tundra and begin reading...
 19417 | Lair:6   | You add the spells Hailstorm, Ice Form and Simulacrum to
                  | your library.
 19423 | Lair:6   | Reached skill level 6 in Spellcasting
 19742 | Lair:6   | HP: 15/94 [death yak (12)]
 20738 | Lair:6   | Reached skill level 8 in Invocations
 21022 | D:10     | Entered Level 10 of the Dungeon
 21026 | D:10     | Reached skill level 7 in Spellcasting
 21048 | D:10     | Found a staircase to the Orcish Mines.
 21177 | D:10     | Noticed Gastronok
 21187 | D:10     | Killed Gastronok
 21333 | D:10     | Found a runed translucent door.
 21600 | D:10     | Found a basalt altar of Yredelemnul.
 21640 | D:10     | Reached skill level 1 in Armour
 21792 | D:10     | Found a runed translucent gate.
 21793 | D:10     | Found a runed translucent gate.
 21794 | D:10     | Found a runed translucent gate.
 21795 | D:10     | Noticed HallandMoats's ghost (journeyman DsFi)
 21796 | D:10     | Noticed IdlyInterested's ghost (journeyman DsWn)
 21959 | D:10     | Killed IdlyInterested's ghost
 21963 | D:10     | Killed HallandMoats's ghost
 21977 | D:10     | Identified the +1 leather armour of Vlad {Rampage rC+
                  | Slay+2}
 21985 | D:10     | Identified the +2 ring mail of the Bard {rElec Regen+}
 22054 | D:11     | Noticed Nergalle
 22061 | D:11     | Killed Nergalle
 22062 | D:11     | Reached skill level 2 in Armour
 22070 | D:11     | You pick up a book of Alchemy and begin reading...
 22070 | D:11     | You add the spells Petrify and Irradiate to your library.
 22382 | D:11     | Reached skill level 14 in Fighting
 22682 | D:11     | Identified a scroll of acquirement
 22916 | D:11     | Found a portal to a secret trove of treasure.
 22924 | D:11     | This trove needs +3 storm dragon scales to function. Give
                  | it the item?
 22979 | D:12     | Reached skill level 3 in Armour
 23077 | D:12     | Found Jiuneaw's Antique Weapon Emporium.
 23109 | D:12     | Reached skill level 11 in Dodging
 23241 | D:12     | Noticed Kirke
 23255 | D:12     | Reached skill level 9 in Air Magic
 23255 | D:12     | Reached XP level 15. HP: 68/100 MP: 15/27
 23257 | D:12     | Killed Kirke
 23354 | D:12     | You pick up a book of Geomancy and begin reading...
 23354 | D:12     | You add the spells Sandblast and Stone Arrow to your
                  | library.
 23852 | D:12     | Reached skill level 4 in Armour
 23855 | D:12     | HP: 25/100 [death knight/+1 morningstar of protection (9)]
 23996 | D:12     | You pick up a book of the Moon and begin reading...
 23996 | D:12     | You add the spells Passage of Golubria, Silence and
                  | Lehudib's Crystal Spear to your library.
 24090 | Orc:1    | Entered Level 1 of the Orcish Mines
 24281 | Orc:2    | Entered Level 2 of the Orcish Mines
 24296 | Orc:2    | Found Touge's Magic Scroll Emporium.
 24541 | Orc:2    | Noticed an orc warlord
 24545 | Orc:2    | Reached skill level 8 in Spellcasting
 24550 | Orc:2    | Killed an orc warlord
 24551 | Orc:2    | Reached skill level 9 in Invocations
 25035 | Orc:2    | Noticed an orc warlord
 25047 | Orc:2    | Killed an orc warlord
 25048 | Orc:2    | Reached skill level 10 in Air Magic
 25391 | Orc:2    | Found Ipos's Book Emporium.
 25391 | Orc:2    | Found Wyepnyul's Magic Scroll Boutique.
 25391 | Orc:2    | Found Emuijej's Weapon Shop.
 25406 | Orc:2    | Found Bezxaf's Armour Shoppe.
 25665 | Orc:2    | Found a staircase to the Elven Halls.
 25761 | Orc:2    | Acquired 812 gold pieces
 25862 | Orc:2    | Bought a book of the Dragon for 736 gold pieces
 25862 | Orc:2    | You pick up a book of the Dragon and begin reading...
 25862 | Orc:2    | You add the spells Cause Fear, Dragon Form and Dragon's
                  | Call to your library.
 25872 | Orc:2    | Learned a level 9 spell: Dragon's Call
 25874 | Orc:2    | Bought the +8 chain mail of Resourcefulness {Regen+ Str+2
                  | Int+5 Dex-3} for 958 gold pieces
 26032 | D:13     | Noticed Frances
 26036 | D:13     | Killed Frances
 26037 | D:13     | Reached skill level 16 in Summonings
 26180 | D:13     | Noticed Azrael
 26186 | D:13     | Killed Azrael
 26187 | D:13     | Reached skill level 5 in Armour
 26256 | D:13     | HP: 19/101 [+11 long sword (13)]
 26822 | D:13     | Reached skill level 6 in Armour
 26984 | D:13     | Found a gate to the Vaults.
 27285 | D:14     | Reached skill level 1 in Slings
 27401 | D:14     | HP: 23/101 [centaur warrior (10)]
 27404 | D:14     | Reached skill level 2 in Slings
 27529 | D:14     | Reached skill level 7 in Armour
 27530 | D:14     | Reached skill level 17 in Summonings
 27652 | D:14     | Reached skill level 3 in Slings
 27738 | D:14     | Reached XP level 16. HP: 81/107 MP: 25/29
 28058 | D:15     | Entered Level 15 of the Dungeon
 28164 | D:15     | Reached skill level 4 in Slings
 28487 | D:15     | Reached skill level 8 in Armour
 29069 | D:15     | Found a staircase to the Depths.
 29384 | Snake:1  | Entered Level 1 of the Snake Pit
 29391 | Snake:1  | Reached skill level 5 in Slings
 29460 | Snake:1  | Noticed Aizul
 29466 | Snake:1  | Killed Aizul
 29471 | Snake:1  | Noticed Louise
 29480 | Snake:1  | Killed Louise
 29564 | Snake:1  | a +2 eveningstar of draining {macerare=g}; a +0 chain mail;
                  | a +0 tower shield
 29571 | Snake:1  | a +2 eveningstar of draining {macerare=g}; a +0 chain mail;
                  | a +0 tower shield
 29730 | Snake:1  | a +2 eveningstar of draining {macerare=g}; a +0 chain mail;
                  | a +0 tower shield
 29730 | Snake:1  | a +2 eveningstar of draining {macerare=g}; a +0 chain mail;
                  | a +0 tower shield
 29730 | Snake:1  | Could not pick up a +2 eveningstar of draining {macerare=g}
                  | here; ([A]lways) ignore it?
 29730 | Snake:1  | a +2 eveningstar of draining {macerare=g}; a +0 chain mail;
                  | a +0 tower shield
 29730 | Snake:1  | Could not pick up a +2 eveningstar of draining {macerare=g}
                  | here; ([A]lways) ignore it?
 29731 | Snake:1  | q - a +2 eveningstar of draining {macerare=g}
 30528 | Snake:1  | Reached skill level 9 in Armour
 30647 | Snake:1  | Reached skill level 6 in Slings
 30724 | Snake:1  | Reached skill level 18 in Summonings
 30763 | Snake:1  | HP: 12/107 [naga warrior/+0 hand axe (24)]
 30818 | Snake:1  | HP: 24/107 [shot self (4)]
 32084 | Snake:2  | Noticed Mlioglotl
 32188 | Snake:2  | Reached skill level 7 in Slings
 32367 | Swamp:1  | Entered Level 1 of the Swamp
 32374 | Swamp:1  | Reached skill level 10 in Armour
 32825 | Swamp:1  | Reached XP level 17. HP: 112/112 MP: 26/30
 33042 | Swamp:2  | Reached skill level 19 in Summonings
 33055 | Swamp:2  | Paralysed by a fenstrider witch for 3 turns
 33060 | Swamp:2  | HP: 16/112 [??? (14)]
 33062 | Swamp:2  | HP: 2/112 [constriction (15)]
 33062 | Swamp:2  | Constricted to death by a shambling mangrove

Vanquished Creatures
  A stone giant (D:15)
  A naga warrior (Snake:1)
  5 hydras
  2 catoblepae (Lair:6)
  3 centaur warriors (D:14)
  5 boulder beetles
  A death knight (D:15)
  5 death yaks (Lair:6)
  5 two-headed ogres
  Nergalle (D:11)
  A shock serpent (Snake:1)
  A skeletal warrior (D:15)
  A swamp dragon (Swamp:2)
  2 bog bodies (Swamp:1)
  3 mana vipers (Snake:1)
  7 ugly things
  A salamander (Snake:2)
  A deep elf pyromancer (D:14)
  3 orc knights
  An orc sorcerer (Orc:2)
  3 elephants (Lair:5)
  9 black mambas
  A manticore (Lair:6)
  Maurice (D:8)
  3 naga magi (Snake:1)
  A torpor snail (Lair:4)
  A cane toad (Lair:4)
  2 freezing wraiths (D:15)
  2 kobold demonologists
  4 komodo dragons
  2 tengu conjurers
  A polar bear (Lair:3)
  A meliai (D:15)
  3 hornets
  2 tyrant leeches
  7 blink frogs
  3 spriggans (Bailey)
  A shadow (D:9)
  11 yaks
  A steam dragon (Bailey)
  A fire elemental (D:13)
  A vampire mosquito (D:13)
  A hog (D:12)
  A warg (D:10)
  2 nagas (Snake:1)
  7 water moccasins
  An acid dragon (D:11)
  17 orc warriors
  3 ogres
  13 centaurs
  5 wolves
  A phantom (D:5)
  2 kobold brigands
  3 bullfrogs
  A wyvern zombie (D:5)
  A wyvern skeleton (D:7)
  3 killer bees (D:10)
  5 wights
  2 electric eels (Lair:4)
  A bullfrog zombie (D:6)
  A centaur zombie (D:5)
  A human zombie (D:5)
  2 bullfrog skeletons (D:5)
  4 hounds
  A gnoll shaman (D:4)
  4 orc priests
  A centaur skeleton (D:7)
  6 orc wizards
  A hell rat (Lair:6)
  A hound zombie (D:5)
  2 mummies (D:5)
  Robin (D:2)
  3 gnolls
  4 adders
  2 worms
  A dart slug (D:4)
  36 orcs
  6 bats
  5 endoplasms
  2 giant cockroaches
  3 goblins
  2 hobgoblins (D:2)
  A jackal (D:2)
  13 kobolds
  2 quokkas
  2 ball pythons (D:4)
  A frilled lizard (D:2)
288 creatures vanquished.

Vanquished Creatures (collateral kills)
  Frances (D:13)
  Kirke (D:12)
  Gastronok (D:10)
  Aizul (Snake:1)
  2 orc warlords (Orc:2)
  Louise (Snake:1)
  A bunyip (Swamp:1)
  Azrael (D:13)
  The ghost of IdlyInterested the Protected, a journeyman DsWn (D:10)
  7 hydras
  The ghost of HallandMoats the End of an Era, a journeyman DsFi of Qazlal (D:10)
  4 anacondas
  2 boulder beetles
  2 catoblepae
  2 dancing weapons (D:13)
  A naga warrior (Snake:1)
  2 centaur warriors
  3 two-headed ogres
  A death knight (D:12)
  3 tengu warriors (D:15)
  3 death yaks (Lair:6)
  5 slime creatures (D:12)
  2 skeletal warriors (D:15)
  A spriggan druid (Swamp:1)
  A swamp dragon (Swamp:1)
  5 naga ritualists
  2 bog bodies (Lair:4)
  2 phantasmal warriors
  An orc knight (Orc:2)
  An orc sorcerer (Orc:2)
  2 deep elf pyromancers
  10 ugly things
  7 mana vipers
  A manticore (Lair:6)
  4 cyclopes
  A will-o-the-wisp (Swamp:2)
  An elephant (Lair:5)
  2 naga magi (Snake:2)
  11 black mambas
  11 cane toads
  A gargoyle (D:8)
  Maggie (D:6)
  An unseen horror (D:12)
  A freezing wraith (D:12)
  7 komodo dragons
  2 kobold demonologists
  A tengu conjurer (D:13)
  6 trolls
  2 meliai (D:15)
  4 tyrant leeches (Swamp:1)
  2 hornets
  17 blink frogs
  A vampire (D:10)
  2 shadows
  3 wyverns
  2 fire elementals (D:13)
  7 spriggans
  5 wraiths
  26 yaks
  3 hogs (D:12)
  A basilisk (Lair:6)
  3 vampire mosquitoes (D:13)
  2 steam dragons
  4 wargs (Orc:2)
  6 swamp worms
  6 nagas (Snake:1)
  9 water moccasins
  A hell hound (D:13)
  A swamp drake (Swamp:1)
  An ice beast (D:5)
  14 orc warriors
  A hornet zombie (D:7)
  4 necrophages
  7 ogres
  15 wolves
  22 centaurs
  2 phantoms (D:5)
  2 kobold brigands
  6 bullfrogs
  A water moccasin zombie (D:5)
  6 killer bees
  4 wights
  A howler monkey (D:9)
  7 centaur zombies
  2 hounds
  A jelly (D:6)
  2 bullfrog zombies (D:5)
  A gnoll shaman (D:7)
  7 orc priests
  2 bullfrog skeletons
  A centaur skeleton (D:5)
  11 hell rats
  A scorpion zombie (D:5)
  3 iguanas
  2 orc wizards
  A killer bee zombie (D:8)
  7 gnolls
  2 adders
  3 white imps
  A dart slug (D:1)
  27 orcs
  6 ball pythons
  A bat (D:1)
  2 endoplasms (D:1)
  2 giant cockroaches
  8 goblins
  3 hobgoblins
  4 jackals
  3 quokkas
  4 frilled lizards
  5 kobolds
  3 rats
446 creatures vanquished.

Vanquished Creatures (others)
  2 bloated husks (Swamp:1)
  A spriggan (Swamp:1)
  An orc wizard (D:8)
  An orc (D:8)
  28 fungi
  57 plants
  6 withered plants (D:10)
96 creatures vanquished.

Grand Total: 830 creatures vanquished

Table legend:
 A = Non-vault XP
 B = Vault XP
 C = Vault XP percentage of total XP
 D = Non-vault monster count
 E = Vault monster count
 F = Vault count percentage of total count
                 A         B        C        D         E       F
            +---------+---------+-------+---------+---------+-------
      Total |  140685 |   43246 |  23.5 |     578 |     158 |  21.5
            +---------+---------+-------+---------+---------+-------
        D:1 |      46 |       0 |   0.0 |      26 |       0 |   0.0
        D:2 |      66 |      22 |  25.0 |      18 |       5 |  21.7
        D:3 |      41 |       0 |   0.0 |      15 |       0 |   0.0
        D:4 |     362 |       0 |   0.0 |      27 |       0 |   0.0
        D:5 |    1039 |     881 |  45.9 |      14 |      17 |  54.8
        D:6 |     854 |     385 |  31.1 |      15 |       1 |   6.2
        D:7 |    1203 |     148 |  11.0 |      21 |       3 |  12.5
        D:8 |    1636 |     463 |  22.1 |      11 |       5 |  31.2
        D:9 |    4251 |    1762 |  29.3 |      28 |       6 |  17.6
       D:10 |    1876 |    3616 |  65.8 |      17 |      18 |  51.4
       D:11 |    6494 |     792 |  10.9 |      21 |       1 |   4.5
       D:12 |    8772 |    2240 |  20.3 |      24 |       5 |  17.2
       D:13 |    6719 |    4892 |  42.1 |      18 |       8 |  30.8
       D:14 |   16957 |       0 |   0.0 |      33 |       0 |   0.0
       D:15 |    8799 |    2712 |  23.6 |      16 |       3 |  15.8
     Lair:1 |    4880 |       0 |   0.0 |      23 |       0 |   0.0
     Lair:2 |    3106 |       0 |   0.0 |      13 |       0 |   0.0
     Lair:3 |    3473 |     839 |  19.5 |      22 |       1 |   4.3
     Lair:4 |    8933 |    1961 |  18.0 |      31 |       6 |  16.2
     Lair:5 |    6343 |       0 |   0.0 |      17 |       0 |   0.0
     Lair:6 |   11733 |   12042 |  50.6 |      40 |      23 |  36.5
    Swamp:1 |    7490 |       0 |   0.0 |      22 |       0 |   0.0
    Swamp:2 |    1561 |       0 |   0.0 |       3 |       0 |   0.0
    Snake:1 |   19553 |    2398 |  10.9 |      39 |       2 |   4.9
    Snake:2 |    6533 |       0 |   0.0 |      12 |       0 |   0.0
      Orc:1 |    1137 |       0 |   0.0 |      13 |       0 |   0.0
      Orc:2 |    6828 |    5067 |  42.6 |      39 |      40 |  50.6
     Bailey |       0 |    3026 | 100.0 |       0 |      14 | 100.0
            +---------+---------+-------+---------+---------+-------

Illustrated notes

Table legend:
 A = Kills in this place as a percentage of kills in entire the game.
 B = Kills by you in this place as a percentage of kills by you in the entire game.
 C = Kills by friends in this place as a percentage of kills by friends in the entire game.
 D = Other kills in this place as a percentage of other kills in the entire game.
 E = Experience gained in this place as a percentage of experience gained in the entire game.
 F = Experience gained in this place divided by the number of levels of this place that you have seen.
                   A       B       C       D       E      F
               +-------+-------+-------+-------+-------+----------------------
         Total | 100.0 | 100.0 | 100.0 | 100.0 | 100.0 | 6342.4
       Dungeon |  51.1 |  56.9 |  47.5 |   0.0 |  41.9 | 5135.2
          Lair |  23.9 |  19.1 |  27.1 |   0.0 |  29.0 | 8885.0
         Swamp |   3.4 |   2.4 |   3.6 | 100.0 |   4.9 | 4525.5
     Snake Pit |   7.2 |   5.9 |   8.1 |   0.0 |  15.5 | 14242.0
  Orcish Mines |  12.5 |  13.9 |  11.7 |   0.0 |   7.1 | 6516.0
        Bailey |   1.9 |   1.7 |   2.0 |   0.0 |   1.6 | 3026.0
               +-------+-------+-------+-------+-------+----------------------

Table legend: (Time is in decaauts)
 A = Elapsed time spent in this place.
 B = Non-inter-level travel time spent in this place.
 C = Inter-level travel time spent in this place.
 D = Time resting spent in this place.
 E = Time spent auto-exploring this place.
 F = Levels seen in this place.
 G = Mean time per level.
                   A        B        C        D        E       F      G
               +--------+--------+--------+--------+--------+-----+--------+
         Total |  46016 |  42399 |   3617 |   5075 |  28429 |  29 | 1586.8 |
       Dungeon |  22443 |  20712 |   1731 |   1984 |  14567 |  15 | 1496.2 |
        Temple |    288 |    221 |     67 |      0 |    209 |   1 |  288.0 |
          Lair |  13828 |  12850 |    978 |   1484 |   9344 |   6 | 2304.7 |
         Swamp |   1022 |    997 |     25 |    241 |    330 |   2 |  511.0 |
     Snake Pit |   4089 |   3684 |    405 |    544 |   2056 |   2 | 2044.5 |
  Orcish Mines |   3266 |   2858 |    408 |    122 |   1854 |   2 | 1633.0 |
        Bailey |   1078 |   1078 |      0 |    699 |     66 |   1 | 1078.0 |
               +--------+--------+--------+--------+--------+-----+--------+

Top non-repeatable levels by time:
  Lair:6: 3521 daAuts
 Snake:1: 3214 daAuts
   Orc:2: 2623 daAuts
  Lair:3: 2539 daAuts
  Lair:4: 2318 daAuts
     D:9: 1990 daAuts
  Lair:1: 1838 daAuts
  Lair:5: 1832 daAuts
    D:12: 1804 daAuts
  Lair:2: 1778 daAuts
    D:10: 1757 daAuts
    D:14: 1738 daAuts
    D:15: 1725 daAuts
    D:13: 1680 daAuts
    D:11: 1544 daAuts
